 Dungeon Crawl Stone Soup version 0.17.1-3-g152610e (webtiles) character file.

590 MartianW the Thaumaturge (level 7, 0/32 HPs)
             Began as a Spriggan Conjurer on Mar 22, 2016.
             Slain by an angel
             ... wielding a +3 sacred scourge of holy wrath
              (17 damage)
             ... on level 1 of the Abyss.
             The game lasted 00:21:19 (5144 turns).

MartianW the Thaumaturge (Spriggan Conjurer)        Turns: 5144, Time: 00:21:19

Health: 0/32       AC:  2    Str:  9    XL:     7   Next: 15%
Magic:  21/21      EV: 18    Int: 19    God:
Gold:   149        SH:  0    Dex: 16    Spells: 6 memorised, 6 levels left

rFire  . . .     SeeInvis +     m - +0 short sword
rCold  + . .     Clarity  .     B - +0 robe
rNeg   . . .     SustAt   .     (shield restricted)
rPois  .         Gourm    .     (helmet restricted)
rElec  .         Spirit   .     (no cloak)
rCorr  .         Warding  .     (gloves unavailable)
rMut   .         Stasis   .     (boots unavailable)
MR     +....                    (no amulet)
Stlth  +.........               i - ring of protection from cold
                                l - +5 ring of strength

@: glowing, very quick, somewhat resistant to hostile enchantments, very
unstealthy
A: unfitting armour, see invisible, herbivore 3, speed 3, slow metabolism 2
a: no special abilities


You were on level 1 of the Abyss.
You were not hungry.

You visited 1 branch of the dungeon, and saw 5 of its levels.
You visited the Abyss 1 time.

You collected 149 gold pieces.

Inventory:

Hand Weapons
 m - a +0 short sword (weapon)
Armour
 a - a +0 robe
 B - a +0 robe (worn)
Jewellery
 i - a ring of protection from cold (right hand)
 l - a +5 ring of strength (left hand)
 v - a cursed ring of ice
Wands
 r - a wand of enslavement (14)
Scrolls
 d - 2 scrolls of teleportation {unknown}
 g - a scroll of immolation {unknown}
 h - 3 scrolls of identify
 n - a scroll of random uselessness {unknown}
 o - 2 scrolls of remove curse {unknown}
 s - a scroll of enchant armour {unknown}
 u - 2 scrolls of blinking {unknown}
 y - a scroll of enchant weapon {unknown}
 z - a scroll of recharging {unknown}
 D - a scroll of amnesia {unknown}
Potions
 e - a potion of mutation {unknown}
 f - a potion of resistance {unknown}
 j - a potion of agility
 k - 2 potions of poison {unknown}
 p - 2 potions of curing
 q - a potion of degeneration {unknown}
 t - a potion of haste {unknown}
 w - a potion of cancellation {unknown}
 x - a potion of ambrosia {unknown}
 A - a potion of heal wounds {unknown}
Books
 b - a book of Conjurations

   Spells                             Type                      Level
   a - Magic Dart                     Conjuration                  1
   b - Searing Ray                    Conjuration                  2
   c - Dazzling Spray                 Conjuration/Hexes            3
   d - Fulminant Prism                Conjuration/Hexes            4
   e - Iskenderun's Mystic Blast      Conjuration                  4
   f - Iskenderun's Battlesphere      Conjuration/Charms           5
Comestibles
 c - 5 bread rations
 C - a slice of pizza
 E - 4 fruits


   Skills:
 - Level 3.4 Dodging
 - Level 3.0 Stealth
 + Level 9.6 Spellcasting
 + Level 6.8 Conjurations
 + Level 8.5 Hexes
 + Level 1.7 Charms


You had 6 spell levels left.
You knew the following spells:

 Your Spells              Type           Power        Failure   Level  Hunger
a - Magic Dart            Conj           ####         1%          1    None
b - Searing Ray           Conj           #####.       1%          2    None
c - Dazzling Spray        Conj/Hex       #####...     1%          3    None
d - Fulminant Prism       Conj/Hex       #####.....   3%          4    ###....
e - Iskenderun's Mystic   Conj           #####...     6%          4    ###....
f - Iskenderun's Battles  Conj/Chrm      ####....     38%         5    #####..


Dungeon Overview and Level Annotations

Branches:
Dungeon (5/15)
 Temple: D:4-7

Altars:
Ashenzari
Cheibriados
Okawaru

Annotations:
D:4 Menkaure


Innate Abilities, Weirdness & Mutations

You are tiny and cannot use many weapons and most armour.
You have supernaturally acute eyesight.
You are a herbivore.
You cover ground extremely quickly.
You need consume almost no food.


Message History

The ynoxinul gestures.
The iron imp shouts, "Out, out, thou clouted fool-headed wagtail!"
There is an open door here.
A large abomination comes into view.
You hit the large abomination.
The large abomination is lightly damaged.
The large abomination barely misses you.
The large abomination hits you!
A wretched star comes into view.
An angel comes into view.
It is wielding a sacred scourge of holy wrath.
A white imp comes into view.
The white imp shouts, "Slither home, thou goatish fool-headed skainsmate!"
The white imp gestures at you. The puff of frost hits you! You resist.
A ynoxinul and a hungry ghost come into view.
The ynoxinul bellows!
Found a lumpy emerald potion.
The angel hits you with a sacred scourge of holy wrath!
Ouch! That really hurt!
You die...

.. ##..X....#.#..
##.###........
#..###X.......
#.#........###
..#........# #.
#.....*..# #.
#5.........
##+##'##.#.......##
#......@A.......##
#......5.#.######
#.......#..#
#...........#
#.........!##
#.W..3.....#
#..........#
...........


You could see an angel, a large abomination, a hungry ghost, a ynoxinul, a white
imp and an ufetubus.

Vanquished Creatures
  An ice beast (D:3)
  An ogre (D:4)
  A hound (D:4)
  2 worker ants (D:4)
  Robin (D:4)
  7 adders
  2 giant geckos (D:2)
  11 orcs
  4 giant cockroaches
  13 goblins
  6 hobgoblins
  9 jackals
  4 kobolds
  3 quokkas
  8 bats
  5 giant newts
  5 rats
83 creatures vanquished.

Vanquished Creatures (others)
  3 fulminant prisms (D:4)
  A lurking horror (Abyss:1)
4 creatures vanquished.

Grand Total: 87 creatures vanquished

Notes
Turn   | Place    | Note
--------------------------------------------------------------
     0 | D:1      | MartianW the Spriggan Conjurer began the quest for the Orb.
     0 | D:1      | Reached XP level 1. HP: 9/9 MP: 5/5
    32 | D:1      | Found an iron altar of Okawaru.
   482 | D:1      | Reached XP level 2. HP: 13/13 MP: 0/6
  1274 | D:2      | Found a snail-covered altar of Cheibriados.
  1274 | D:2      | Found a shattered altar of Ashenzari.
  1524 | D:2      | Reached XP level 3. HP: 16/16 MP: 6/8
  2023 | D:3      | Learned a level 2 spell: Searing Ray
  2027 | D:3      | Learned a level 3 spell: Dazzling Spray
  2549 | D:3      | Reached XP level 4. HP: 21/21 MP: 3/10
  2647 | D:3      | Reached skill level 4 in Spellcasting
  3115 | D:3      | Noticed an ice beast
  3560 | D:3      | Killed an ice beast
  3560 | D:3      | Reached skill level 1 in Hexes
  3560 | D:3      | Reached XP level 5. HP: 18/24 MP: 0/13
  3838 | D:3      | Reached skill level 9 in Spellcasting
  3838 | D:3      | Reached XP level 6. HP: 28/28 MP: 13/19
  3942 | D:4      | Noticed Robin
  4025 | D:3      | Learned a level 4 spell: Fulminant Prism
  4030 | D:3      | Learned a level 4 spell: Iskenderun's Mystic Blast
  4036 | D:3      | Learned a level 5 spell: Iskenderun's Battlesphere
  4157 | D:4      | Noticed Menkaure
  4336 | D:4      | You fall through a shaft!
  4336 | D:5      | Entered Level 5 of the Dungeon
  4483 | D:4      | Reached skill level 1 in Charms
  4483 | D:4      | Reached XP level 7. HP: 32/32 MP: 17/21
  4598 | D:4      | Killed Robin
  4882 | D:5      | Cast into the Abyss (orc)
  4930 | Abyss:1  | Noticed an ancient zyme
  5104 | Abyss:1  | Noticed a ynoxinul
  5133 | Abyss:1  | Noticed a large abomination
  5137 | Abyss:1  | Noticed a wretched star
  5139 | Abyss:1  | Noticed an angel
  5143 | Abyss:1  | Noticed a ynoxinul
  5144 | Abyss:1  | Slain by an angel

Action                   |  1- 3 |  4- 6 |  7- 9 || total
-------------------------+-------+-------+-------++-------
Melee: Short sword       |       |     2 |     1 ||     3
 Cast: Magic Dart        |    84 |    97 |    14 ||   195
       Dazzling Spray    |       |     3 |     1 ||     4
       Searing Ray       |       |     3 |       ||     3
       Fulminant Prism   |       |     2 |     1 ||     3
  Use: Scroll            |     3 |     2 |       ||     5
       Potion            |     1 |     1 |       ||     2
  Eat: Royal jelly       |       |     1 |       ||     1
